 Dungeon Sprint DCSS version 0.25-b1-37-g2669288c55 (webtiles) character file.

Game seed: 10648679061303954257

277 Chiseanne the Sneak (level 6, -7/79 HPs)
             Began as a Demonspawn Assassin on June 4, 2020.
             Mangled by Sonja
             ... wielding a +2 dagger of distortion
              (10 damage)
             ... in the Dungeon (Sprint I: "Red Sonja").
             The game lasted 00:01:42 (292 turns).

Chiseanne the Sneak (Demonspawn Assassin)            Turns: 292, Time: 00:01:43

Health: -7/79      AC: 10    Str: 13    XL:     6   Next: 4%
Magic:  6/6        EV: 12    Int: 12    God:
Gold:   162        SH:  0    Dex: 15    Spells: 5/5 levels left

rFire    . . .     SeeInvis .   a - +2 dagger
rCold    + . .     Gourm    .   (no shield)
rNeg     . . .     Faith    .   n - +2 scale mail {rC+}
rPois    .         Spirit   .   (no helmet)
rElec    .         Reflect  .   c - +0 cloak
rCorr    .         Harm     .   (no gloves)
MR       .....     NoTele   +   (no boots)
Stlth    ..........             (no amulet)
HPRegen  0.23/turn              (no ring)
MPRegen  0.10/turn              (no ring)

@: berserking, lethally poisoned (-7 -> -13), hasted and slowed
A: talons 2, demonic guardian 1, nightstalker 1
a: no special abilities


You were in the Dungeon.
You were not hungry.

You visited 1 branch You collected 162 gold pieces.

Inventory:

Hand Weapons
 a - a +2 dagger (weapon)
Missiles
 d - 7 poisoned darts (quivered)
Armour
 c - a +0 cloak (worn)
 n - a +2 scale mail of cold resistance (worn)
Wands
 m - a wand of polymorph (8)
Scrolls
 l - a scroll of blinking
Potions
 j - 2 potions of magic
Comestibles
 b - 3 chunks of flesh
 f - a ration


   Skills:
 * Level 6.7 Fighting
 - Level 1.7 Short Blades
 - Level 1.7 Throwing
 * Level 5.7 Armour
 * Level 5.9 Dodging
 - Level 6.8 Stealth


You had 5 spell levels left.
You didn't know any spells.
Your spell library was empty.

Dungeon Overview and Level Annotations

Branches:
Dungeon (1/1)

Altars:
Sif Muna
Vehumet
Wu Jian

Annotations:
D Sonja


Innate Abilities, Weirdness & Mutations

You have razor-sharp toenails.
A weak demonic guardian rushes to your aid.
You are slightly more attuned to the shadows.


Message History

The centaur warrior hits you but does no damage.
The centaur warrior hits you!
* * * LOW HITPOINT WARNING * * *
You hit the centaur warrior but do no damage.
Your kick misses the centaur warrior.
The centaur warrior is severely wounded.
You feel sick.
The centaur warrior hits you but does no damage.
Sonja barely misses you. Sonja hits you but does no damage.
Space bends around you.
* * * LOW HITPOINT WARNING * * *
Sonja closely misses you.
A red film seems to cover your vision as you go berserk!
You feel yourself moving faster!
You feel mighty!
You feel sick.
The centaur warrior looks more healthy.
The centaur warrior hits you.
* * * LOW HITPOINT WARNING * * *
Sonja hits you with a +2 dagger of distortion.
* * * LOW HITPOINT WARNING * * *
Space warps horribly around you!
You die...

################
#<.#.[)..#(.'@c#
#..'..#..')(#K§+
#..#####'#####(#
#..# #..# #(#
#..# #### #)#
#..# _.§ #⌠⌠#
.._# #### _.#+#
##K


You could see a centaur warrior and Sonja.

Vanquished Creatures
  An ogre (D)
  A howler monkey (D)
  Ijyb (D)
3 creatures vanquished.

Vanquished Creatures (collateral kills)
  Sigmund (D)
1 creature vanquished.

Grand Total: 4 creatures vanquished

Notes
Turn   | Place    | Note
-------+----------+-------------------------------------------
     0 | D        | Chiseanne the Demonspawn Assassin began the quest for the
                  | Orb.
     0 | D        | Reached XP level 1. HP: 16/16 MP: 1/1
     1 | D        | Noticed Ijyb
     5 | D        | Killed Ijyb
     5 | D        | Gained mutation: You have sharp toenails. [demonic
                  | ancestry]
     5 | D        | Reached XP level 2. HP: 22/22 MP: 2/2
    20 | D        | Noticed an ogre
    27 | D        | Killed an ogre
    27 | D        | Gained mutation: A weak demonic guardian rushes to your
                  | aid. [demonic ancestry]
    27 | D        | Reached XP level 3. HP: 19/31 MP: 3/3
    27 | D        | Gained mutation: You have razor-sharp toenails. [demonic
                  | ancestry]
    27 | D        | Reached XP level 4. HP: 23/38 MP: 4/4
   153 | D        | Noticed Sigmund
   162 | D        | Killed Sigmund
   162 | D        | Reached skill level 5 in Armour
   162 | D        | Reached skill level 5 in Dodging
   162 | D        | Reached XP level 5. HP: 33/47 MP: 5/5
   263 | D        | Found a shimmering blue altar of Sif Muna.
   264 | D        | Found an ornate altar of the Wu Jian Council.
   265 | D        | Found a radiant altar of Vehumet.
   270 | D        | Gained mutation: You are slightly more attuned to the
                  | shadows. [demonic ancestry]
   270 | D        | Reached XP level 6. HP: 53/53 MP: 6/6
   271 | D        | Noticed Sonja
   271 | D        | Noticed a centaur warrior
   289 | D        | HP: 2/53 [centaur warrior (10)]
   292 | D        | Mangled by Sonja

Illustrated notes

Levels and vault maps discovered:
D:        dungeon_sprint_1 [red_sonja_temple_1, red_sonja_temple_small_1]

Skill      XL: |  1  2  3  4 |
---------------+-------------+-----
Stealth        | 6 |  6.8
Fighting       | 4 6 |  6.7
Armour         | 3 5 |  5.7
Dodging        | 3 5 |  5.9
Short Blades   | |  1.7
Throwing       | |  1.7

Action                   |  1- 3 |  4- 6 || total
-------------------------+-------+-------++-------
Melee: Dagger            |     6 |    13 ||    19
       Kick              |     3 |     5 ||     8
Throw: Dart              |     3 |     4 ||     7
Evoke: Wand              |       |     1 ||     1
  Use: Potion            |       |     5 ||     5
 Stab: Sleeping          |     1 |       ||     1
Armor: Scale mail        |       |     6 ||     6
Dodge: Dodged            |     1 |    11 ||    12
